 Dungeon Crawl Stone Soup version 0.29.1-2-gbd0b4ee654 (webtiles) character file.

Game seed: 15977157473136285499

43 KittyFluff the Cudgeller (level 3, -1/24 HPs)
             Began as a Gargoyle Berserker on Oct 26, 2022.
             Was a Follower of Trog.
             Slain by an orc wizard
             ... wielding a +0 dagger
              (2 damage)
             ... on level 3 of the Dungeon.
             The game lasted 00:08:11 (1674 turns).

KittyFluff the Cudgeller (Gargoyle Berserker)       Turns: 1674, Time: 00:08:12

Health: -1/24      AC:  5    Str: 20    XL:     3   Next: 58%
Magic:  3/3        EV: 12    Int:  7    God:    Trog [*.....]
Gold:   162        SH:  0    Dex: 11    Spells: 2/2 levels left

rFire   . . .      SeeInvis .   a - +0 mace
rCold   . . .      Faith    .   (no shield)
rNeg    + . .      Spirit   .   b - +0 animal skin
rPois   ∞          Reflect  .   (no helmet)
rElec   +          Harm     .   (no cloak)
rCorr   .          Rampage  .   (no gloves)
Will    .....                   (no boots)
Stlth   +.........              (no amulet)
HPRegen 0.08/turn               (no ring)
MPRegen 0.08/turn               (no ring)

@: on berserk cooldown, slowed, very slow
A: sickness immunity, AC +3, negative energy resistance 1, electricity
resistance, torment resistance 1, petrification resistance
a: Renounce Religion, Berserk


You were on level 3 of the Dungeon.
You worshipped Trog.
Trog was aware of your devotion.
You visited 1 branch of the dungeon, and saw 3 of its levels.

You collected 162 gold pieces.

Inventory:

Hand Weapons
 a - a +0 mace (weapon)
 g - a +0 sling
Missiles
 e - 5 poisoned darts (quivered)
 k - 5 datura-tipped darts
Armour
 b - a +0 animal skin (worn)
Scrolls
 f - 2 scrolls of vulnerability
 i - a scroll of enchant weapon {unknown}
 j - 2 scrolls of amnesia {unknown}
 l - a scroll of acquirement {unknown}
 m - a scroll of identify {unknown}
Potions
 c - 4 potions of curing {unknown}
 d - a potion of ambrosia {unknown}
 h - 2 potions of berserk rage {unknown}
 n - a potion of mutation {unknown}


   Skills:
 + Level 3.7 Fighting
 + Level 4.0 Maces & Flails
 + Level 2.3 Armour
 + Level 1.7 Dodging


You had 2 spell levels left.
You didn't know any spells.
Your spell library contained the following spells:

 Spells                   Type           Power      Damage    Failure   Level
 Sandblast                Erth           0%         2d4       43%         1
 Passwall                 Tmut/Erth      0%         N/A       56%         2
 Stone Arrow              Conj/Erth      0%         3d7       80%         3


Dungeon Overview and Level Annotations

Branches:
Dungeon (3/15)

Altars:


Innate Abilities, Weirdness & Mutations

You are immune to sickness and miasma.
Your stone body is resilient. (AC +3)
You are immune to poison.
You resist negative energy. (rN+)
You are resistant to electric shocks. (rElec)
You are resistant to unholy torment.
You are immune to petrification.


Message History

You hear some strange, mumbled words.
A magic dart appears from out of thin air!
The magic dart hits you!
You hit something.
You hear some strange, mumbled words.
Something tries to affect you, but you resist.
You barely miss something.
You hear some strange, mumbled words.
Something tries to affect you, but you resist.
A red film seems to cover your vision as you go berserk!
You feel yourself moving faster!
You feel mighty! Something hits you.
You closely miss something.
You hear some strange, mumbled words.
You are confused.
You're too confused to move!
You feel a strong urge to attack something.
You bump into the rock wall.
Something hits you.
You miss something. Something hits you.
You're too confused to move!
You hear some strange, mumbled words.
A puff of flame appears from out of thin air!
The puff of flame hits you!
* * * LOW HITPOINT WARNING * * *
You're too confused to move!
You feel a strong urge to attack something.
You are no longer berserk.
You are exhausted.
You feel yourself slow down.
You miss something.
You feel less confused. Something hits you.
* * * LOW HITPOINT WARNING * * *
Something hits you but does no damage.
You miss something. Something hits you.
* * * LOW HITPOINT WARNING * * *
Something hits you but does no damage.
You barely miss something. Something hits you.
* * * LOW HITPOINT WARNING * * *
Something hits you.
You die...

####### #.....# #.###.#
### ##
#.###.########{###.##
#.##.........@#.o.#.#
#.##.#######.###o#.##
#.##.# ##.## ##)......
#..#.# #..<###....>.##
##.#.#####.##.#.##.##.#
####...)#........# .#
..
#................###..
#.##....#..........# #.
#.##.............#.# #.


There were no monsters in sight!

Vanquished Creatures
  An adder (D:3)
  A dart slug (D:2)
  2 orcs (D:3)
  2 endoplasms
  3 giant cockroaches (D:1)
  2 quokkas (D:1)
  4 ball pythons (D:2)
  4 bats
  A frilled lizard (D:1)
  2 goblins
  3 kobolds (D:2)
  6 rats
31 creatures vanquished.

Notes
Turn   | Place    | Note
-------+----------+-------------------------------------------
     0 | D:1      | KittyFluff the Gargoyle Berserker began the quest for the
                  | Orb.
     0 | D:1      | Reached XP level 1. HP: 14/14 MP: 1/1
   540 | D:1      | Reached XP level 2. HP: 18/19 MP: 2/2
   806 | D:2      | Reached XP level 3. HP: 23/23 MP: 3/3
  1533 | D:3      | Found a faded altar of an unknown god.
  1650 | D:3      | Reached skill level 4 in Maces & Flails
  1674 | D:3      | HP: 1/24 [something (1)]
  1674 | D:3      | Slain by an orc wizard

Illustrated notes

Levels and vault maps discovered:
D:1:      dpeg_arrival_pits, layout_basic, serial_glass, glass_columns_a,
          glass_columns_a
D:2:      layout_rooms
D:3:      layout_loops_ring, ebering_ecumenical_altar_mist

Skill      XL: |  1  2  3 |
---------------+----------+-----
Maces & Flails | 4 |  4.0
Fighting       | |  3.7
Armour         | |  2.3
Dodging        | |  1.7

Action                   || total
-------------------------++-------
Melee: Mace              ||   101
Invok: Berserk           ||     1
  Use: Scroll            ||     1
Armor: Animal skin       ||    44
Dodge: Dodged            ||    73
